 Dungeon Crawl Stone Soup version 0.23.0-42-geed6394480 (webtiles) character file.

Game seed: 1089505075810229005

103 Danqa the Chopper (level 4, 0/41 HPs)
             Began as a Hill Orc Monk on Mar 1, 2019.
             Succumbed to Crazy Yiuf's poison
             ... on level 2 of the Dungeon.
             The game lasted 00:04:00 (1802 turns).

Danqa the Chopper (Hill Orc Monk)                   Turns: 1802, Time: 00:04:00

Health: 0/41       AC:  6    Str: 14    XL:     4   Next: 79%
Magic:  4/4        EV: 11    Int: 10    God:
Gold:   77         SH:  0    Dex: 13    Spells: 3/3 levels left

rFire    . . .     SeeInvis .   a - +0 hand axe
rCold    . . .     Gourm    .   (no shield)
rNeg     . . .     Faith    .   m - +0 ring mail
rPois    .         Spirit   .   (no helmet)
rElec    .         Reflect  .   (no cloak)
rCorr    .         Harm     .   (no gloves)
MR       .....                  n - +0 pair of boots
Stlth    +.........             (no amulet)
HPRegen  0.13/turn              (no ring)
MPRegen  0.09/turn              (no ring)

@: lethally poisoned (0 -> -4), hasted, lightly drained, very quick
A: no striking features
a: no special abilities


You were on level 2 of the Dungeon.
You were not hungry.

You visited 1 branch of the dungeon, and saw 2 of its levels.

You collected 77 gold pieces.

Inventory:

Hand Weapons
 a - a +0 hand axe (weapon)
Armour
 b - a +0 robe
 d - a +0 chain mail
 m - a +0 ring mail (worn)
 n - a +0 pair of boots (worn)
Scrolls
 c - a scroll of enchant armour {unknown}
 e - 3 scrolls of teleportation
 g - a scroll of enchant weapon {unknown}
 h - a scroll of fear {unknown}
 j - a scroll of magic mapping {unknown}
 k - a scroll of remove curse {unknown}
 p - a scroll of identify {unknown}
Potions
 f - a potion of ambrosia {unknown}
 i - a potion of haste
 l - a potion of agility {unknown}
 o - a potion of flight {unknown}


   Skills:
 + Level 4.5(4.0) Fighting
 + Level 5.7(5.3) Axes
 + Level 0.9(0.5) Armour
 - Level 2.7(2.3) Dodging
 + Level 1.8(1.4) Stealth


You had 3 spell levels left.
You didn't know any spells.
Your spell library was empty.

Dungeon Overview and Level Annotations

Branches:
Dungeon (2/15)

Altars:

Annotations:
D:2 Crazy Yiuf


Message History

You hit Crazy Yiuf.
Crazy Yiuf is lightly wounded.
You feel sick.
Crazy Yiuf hits you with a +3 quarterstaff of chaos.
* * * LOW HITPOINT WARNING * * *
You feel sick.
You see here a mace.
You feel sick.
Crazy Yiuf laughs, "Citrus Hive fast!"
You feel sick.
As you read the scroll of teleportation, it crumbles to dust.
You feel strangely unstable.
You feel sick.
Crazy Yiuf hits you with a +3 quarterstaff of chaos.
* * * LOW HITPOINT WARNING * * *
You feel drained.
* * * LOW HITPOINT WARNING * * *
Okay, then.
It was a potion of haste.
You feel yourself speed up.
Your surroundings suddenly seem different.
You die...

#........#8.8###########
#.######....)..........###
#.# ###8.8#.#######.... #
#.# ###.##....########
########.# #.#.<>........#
........>##
#.####.##.###.#
......)...# #.# #.##.# #.#
.######..<# #.# #.##.# #.#
## ###(# #@# #.##.# #.##
#(# #.####..#.###..###
#####
#.######.................
#).)#
#.(........###.#.####.###
#...# #.######...# #.#.#
#.# ... #.# #...###.#.#
#.### #'# #.#
#...##....####.... #)##
#.# #...(..#.........#
##)# #.#
##..##...#######..


There were no monsters in sight!

Vanquished Creatures
  Jessica (D:2)
  An adder (D:2)
  An ooze (D:2)
  A dart slug (D:2)
  A worm (D:2)
  A leopard gecko (D:1)
  4 bats
  9 goblins
  8 hobgoblins
  8 jackals (D:2)
  9 kobolds
  A quokka (D:2)
  A frilled lizard (D:2)
  8 rats
54 creatures vanquished.

Notes
Turn   | Place    | Note
-------+----------+-------------------------------------------
     0 | D:1      | Danqa the Hill Orc Monk began the quest for the Orb.
     0 | D:1      | Reached XP level 1. HP: 19/19 MP: 1/1
    54 | D:1      | Reached XP level 2. HP: 13/27 MP: 2/2
   839 | D:2      | Noticed Jessica
   844 | D:2      | Reached XP level 3. HP: 33/33 MP: 3/3
   849 | D:2      | Killed Jessica
   849 | D:2      | Reached skill level 5 in Axes
   885 | D:2      | Reached XP level 4. HP: 25/40 MP: 4/4
  1378 | D:2      | Found a runed translucent door.
  1379 | D:2      | Noticed Crazy Yiuf
  1800 | D:2      | HP: 2/41 [Crazy Yiuf/+3 quarterstaff of chaos (4)]
  1802 | D:2      | Succumbed to Crazy Yiuf's poison

Skill      XL: |  1  2  3 |
---------------+----------+-----
Fighting       | 4 |  4.5
Axes           | 5 |  5.7
Armour         | |  0.9
Dodging        | |  2.7
Stealth        | |  1.8

Action                   |  1- 3 |  4- 6 || total
-------------------------+-------+-------++-------
Melee: Hand axe          |    75 |    94 ||   169
  Use: Scroll            |     1 |     1 ||     2
       Potion            |       |     1 ||     1
 Stab: Sleeping          |       |     1 ||     1
  Eat: Ration            |       |     1 ||     1
       Chunk             |       |     1 ||     1
Armor: Robe              |     8 |       ||     8
       Chain mail        |    21 |    23 ||    44
       Ring mail         |       |    22 ||    22
Dodge: Dodged            |    35 |    43 ||    78
